 Dungeon Crawl Stone Soup version 0.28.0-1-gb440e238dd (webtiles) character file.

Game seed: 7119672268120445619

74 Morbidden the Gusty (level 4, -3/32 HPs)
             Began as a Demonspawn Air Elementalist on Feb 20, 2022.
             Slain by a gnoll (8 damage)
             ... on level 2 of the Dungeon.
             The game lasted 00:02:20 (2547 turns).

Morbidden the Gusty (Demonspawn Air Elementalist)   Turns: 2547, Time: 00:02:21

Health: -3/32      AC:  2    Str:  8    XL:     4   Next: 9%
Magic:  3/7        EV: 12    Int: 18    God:
Gold:   27         SH:  0    Dex: 14    Spells: 4/7 levels left

rFire   . . .      SeeInvis .   (no weapon)
rCold   . . .      Faith    .   (no shield)
rNeg    . . .      Spirit   .   a - +0 robe
rPois   .          Reflect  .   (no helmet)
rElec   .          Harm     .   (no cloak)
rCorr   .          Rampage  .   (no gloves)
Will    .....                   (no boots)
Stlth   ++........              (no amulet)
HPRegen 0.10/turn               (no ring)
MPRegen 0.10/turn               (no ring)

@: no status effects
A: demonic magic 1, demonic touch 1
a: no special abilities


You were on level 2 of the Dungeon.
You visited 1 branch of the dungeon, and saw 2 of its levels.

You collected 27 gold pieces.

Inventory:

Armour
 a - a +0 robe (worn)
Scrolls
 b - a scroll of amnesia {unknown}
 c - a scroll of enchant weapon {unknown}
 e - a scroll of fear {unknown}
Potions
 d - a potion of flight {unknown}


   Skills:
 * Level 1.1 Fighting
 + Level 1.9 Dodging
 + Level 1.8 Stealth
 + Level 0.6 Unarmed Combat
 * Level 2.4 Spellcasting
 * Level 1.5 Conjurations
 * Level 3.6 Air Magic


You had 4 spell levels left.
You knew the following spells:

 Your Spells              Type           Power      Damage    Failure   Level
a - Shock                 Conj/Air       44%        1d5       6%          1
b - Static Discharge      Conj/Air       11%        N/A       9%          2

Your spell library contained the following spells:

 Spells                   Type           Power      Damage    Failure   Level
 Swiftness                Air            15%        N/A       12%         3
 Airstrike                Air            7%         N/A       36%         4


Dungeon Overview and Level Annotations

Branches:
Dungeon (2/15)

Altars:

Shops:
D:1 *


Innate Abilities, Weirdness & Mutations

Spells you cast may paralyse adjacent enemies.
Your touch may inflict minor irresistible damage on your foes.


Message History

The zap hits the gnoll.
The gnoll is heavily wounded.
The zap hits the gnoll.
You kill the gnoll!
The gnoll hits you from afar with a +0 spear.
* * * LOW HITPOINT WARNING * * *
You have reached level 4!
You feel agile.
Your demonic ancestry asserts itself...
A menacing aura infuses your magic.
Unknown command.
A hobgoblin comes into view.
An endoplasm comes into view.
The endoplasm moves out of view.
Found a ring mail.
The hobgoblin shouts!
The endoplasm quivers.
The hobgoblin completely misses you.
The endoplasm hits you but does no damage.
The hobgoblin barely misses you.
A hobgoblin comes into view.
The helpless hobgoblin fails to defend itself.
You hit the hobgoblin but do no damage. Your touch misses the hobgoblin.
The hobgoblin hits you.
* * * LOW HITPOINT WARNING * * *
The hobgoblin barely misses you.
Casting: Shock (safe; 6% risk of failure)
Confirm with . or Enter, or press ? or * to list all spells.
Aiming: Shock (safe; 6% risk of failure)
Press: ? - help, Shift-Dir - straight line, p - gnoll The zap hits the hobgoblin.
The hobgoblin is moderately wounded.
The zap hits the gnoll.
The gnoll is heavily wounded.
The zap hits the endoplasm.
The endoplasm is almost dead.
The zap hits the endoplasm.
You kill the endoplasm!
Malevolent energies surge around you.
The hobgoblin suddenly stops moving! x2
The gnoll hits you from afar with a +0 spear!
You die...

#.......#
#..###..#
##..### ......#
......# ......#
####### ......#
#.....####
......#
#.###.gg.#
..g...# #.#
####@#
##..###.#g# #g#
.g......#J# ...
#########.##
####.
...........#+##
..
.#####........#
.. .#
#......[.# ..#
.# #........#
.. .#
##'#######


You could see a gnoll and 2 hobgoblins.

Vanquished Creatures
  2 gnolls
  A dart slug (D:1)
  3 bats (D:1)
  5 endoplasms
  4 goblins (D:1)
  3 hobgoblins (D:1)
  15 jackals
  5 ball pythons
  A frilled lizard (D:1)
  3 kobolds
  3 rats (D:1)
45 creatures vanquished.

Notes
Turn   | Place    | Note
-------+----------+-------------------------------------------
     0 | D:1      | Morbidden the Demonspawn Air Elementalist began the quest
                  | for the Orb.
     0 | D:1      | Reached XP level 1. HP: 13/13 MP: 3/3
   287 | D:1      | Reached skill level 3 in Air Magic
   289 | D:1      | Gained mutation: Your touch may inflict minor irresistible
                  | damage on your foes. [demonic ancestry]
   289 | D:1      | Reached XP level 2. HP: 9/19 MP: 0/5
   460 | D:1      | Found Yleylenk's General Store.
   840 | D:1      | Reached skill level 1 in Fighting
   875 | D:1      | Reached XP level 3. HP: 26/26 MP: 2/6
   931 | D:1      | HP: 1/26 [jackal (1)]
  1242 | D:1      | Learned a level 2 spell: Static Discharge
  1303 | D:1      | Found a faded altar of an unknown god.
  2521 | D:2      | Gained mutation: Spells you cast may paralyse adjacent
                  | enemies. [demonic ancestry]
  2521 | D:2      | Reached XP level 4. HP: 6/32 MP: 1/7
  2547 | D:2      | Slain by a gnoll

Illustrated notes

Levels and vault maps discovered:
D:1:      dpeg_arrival_stone_temple_mockup, layout_basic,
          hellmonk_ecumenical_altar_inner_sanctum, serial_shops, shop
D:2:      layout_basic, grunt_ministairs_12, ebering_dispersal_statue_hall,
          minmay_hexomino_r4

Skill      XL: |  1  2 |
---------------+-------+-----
Air Magic      | 3 |  3.6
Fighting       | 1 |  1.1
Dodging        | |  1.9
Stealth        | |  1.8
Unarmed Combat | |  0.6
Spellcasting   | |  2.4
Conjurations   | |  1.5

Action                   |  1- 3 |  4- 6 || total
-------------------------+-------+-------++-------
Melee: Unarmed           |    96 |     1 ||    97
       Touch             |    15 |       ||    15
       Punch             |     1 |       ||     1
 Cast: Shock             |    60 |     1 ||    61
       Static Discharge  |     2 |       ||     2
 Stab: Sleeping          |       |     1 ||     1
Armor: Robe              |    23 |     1 ||    24
Dodge: Dodged            |    96 |     3 ||    99
